 Dungeon Crawl Stone Soup version 0.23.2 (webtiles) character file.

Game seed: 3709643258491234872

74 Redear the Skirmisher (level 4, 0/60 HPs)
             Began as a Hill Orc Fighter on Mar 31, 2019.
             Slain by Grinder (3 damage)
             ... on level 3 of the Dungeon on Apr 1, 2019.
             The game lasted 00:03:55 (1877 turns).

Redear the Skirmisher (Hill Orc Fighter)            Turns: 1877, Time: 00:03:55

Health: 0/60       AC: 22    Str: 22 (23) XL:     4   Next: 28%
Magic:  4/4        EV:  2    Int:  5 (8)  God:
Gold:   108        SH: 10    Dex: 15 (16) Spells: 3/3 levels left

rFire    . . .     SeeInvis .   a - +0 rapier
rCold    . . .     Gourm    .   c - +0 shield
rNeg     + + +     Faith    .   (armour currently unavailable)
rPois    +         Spirit   .   (helmet currently unavailable)
rElec    .         Reflect  .   (cloak currently unavailable)
rCorr    .         Harm     .   (gloves currently unavailable)
MR       .....     NoTele   +   (boots currently unavailable)
Stlth    ++........             (no amulet)
HPRegen  0.20/turn              (no ring)
MPRegen  0.09/turn              (no ring)

@: mighty, agile, tree-form, berserk cooldown, starving, slowed, very slow
A: no striking features
a: no special abilities


You were on level 3 of the Dungeon.
You were starving.
You were a tree.
You visited 1 branch of the dungeon, and saw 3 of its levels.

You collected 108 gold pieces.

Inventory:

Hand Weapons
 a - a +0 rapier (weapon)
Armour
 b - a +0 scale mail (melded)
 c - a +0 shield (worn)
 o - a +0 helmet
   (You found it on level 2 of the Dungeon)
Jewellery
 g - an uncursed ring of see invisible {unknown}
   (You found it on level 1 of the Dungeon)
Scrolls
 i - 2 scrolls of remove curse {unknown}
 j - a scroll of fear {unknown}
Potions
 n - a potion of degeneration {!q}
Comestibles
 f - 4 rations


   Skills:
 + Level 4.0 Fighting
 + Level 2.9 Short Blades
 + Level 4.0 Armour
 - Level 0.1 Dodging
 + Level 3.9 Shields


You had 3 spell levels left.
You didn't know any spells.
Your spell library was empty.

Dungeon Overview and Level Annotations

Branches:
Dungeon (3/15)

Altars:

Annotations:
D:3 Grinder


Message History

Lua error: [string "/dgldir/rcfiles/crawl-0.23/Redear.rc"]:24: attempt to call global 'AnnounceDamage' (a nil value) It was a potion of lignification.
You turn into a tree.
Your +0 scale mail melds into your body.
Your roots penetrate the ground.
You block the jackal's attack. The jackal completely misses you.
Lua error: [string "/dgldir/rcfiles/crawl-0.23/Redear.rc"]:24: attempt to call global 'AnnounceDamage' (a nil value)
You feel very mighty all of a sudden. You block the jackal's attack.
Grinder says, "You look like you could use a good racking."
The jackal bites you but does no damage.
Lua error: [string "/dgldir/rcfiles/crawl-0.23/Redear.rc"]:24: attempt to call global 'AnnounceDamage' (a nil value) Unknown command.
Lua error: [string "/dgldir/rcfiles/crawl-0.23/Redear.rc"]:24: attempt to call global 'AnnounceDamage' (a nil value)
You puncture the jackal!
You kill the jackal!
You block the jackal's attack.
Grinder says, "What is the universe for?"
You block the jackal's attack.
Lua error: [string "/dgldir/rcfiles/crawl-0.23/Redear.rc"]:24: attempt to call global 'AnnounceDamage' (a nil value)
You hit the jackal.
The jackal is severely wounded.
The jackal bites you.
* * * LOW HITPOINT WARNING * * *
The jackal bites you but does no damage.
Lua error: [string "/dgldir/rcfiles/crawl-0.23/Redear.rc"]:24: attempt to call global 'AnnounceDamage' (a nil value)
You puncture the jackal!
You kill the jackal!
You block the jackal's attack. x2
Lua error: [string "/dgldir/rcfiles/crawl-0.23/Redear.rc"]:24: attempt to call global 'AnnounceDamage' (a nil value)
You barely miss the jackal. The jackal bites you.
* * * LOW HITPOINT WARNING * * *
The jackal bites you.
* * * LOW HITPOINT WARNING * * *
Lua error: [string "/dgldir/rcfiles/crawl-0.23/Redear.rc"]:24: attempt to call global 'AnnounceDamage' (a nil value)
You puncture the jackal!
You kill the jackal!
You block the jackal's attack.
You hit the jackal but do no damage.
The jackal bites you but does no damage. x2
Lua error: [string "/dgldir/rcfiles/crawl-0.23/Redear.rc"]:24: attempt to call global 'AnnounceDamage' (a nil value)
You barely miss the jackal.
The jackal bites you but does no damage.
You block the jackal's attack.
Grinder blinks!
Lua error: [string "/dgldir/rcfiles/crawl-0.23/Redear.rc"]:24: attempt to call global 'AnnounceDamage' (a nil value)
You closely miss the jackal. You block the jackal's attack.
The jackal bites you but does no damage.
The jackal bites you.
* * * LOW HITPOINT WARNING * * *
Lua error: [string "/dgldir/rcfiles/crawl-0.23/Redear.rc"]:24: attempt to call global 'AnnounceDamage' (a nil value)
You barely miss the jackal.
The jackal bites you but does no damage.
You block the jackal's attack.
Lua error: [string "/dgldir/rcfiles/crawl-0.23/Redear.rc"]:24: attempt to call global 'AnnounceDamage' (a nil value)
You puncture the jackal!
You kill the jackal!
Grinder blinks!
The jackal bites you but does no damage. x2
Lua error: [string "/dgldir/rcfiles/crawl-0.23/Redear.rc"]:24: attempt to call global 'AnnounceDamage' (a nil value)
You puncture the jackal!
You kill the jackal!
The jackal bites you but does no damage.
Grinder blinks!
The jackal bites you but does no damage.
Lua error: [string "/dgldir/rcfiles/crawl-0.23/Redear.rc"]:24: attempt to call global 'AnnounceDamage' (a nil value)
You barely miss the jackal. You block the jackal's attack.
The jackal bites you but does no damage. x2
Lua error: [string "/dgldir/rcfiles/crawl-0.23/Redear.rc"]:24: attempt to call global 'AnnounceDamage' (a nil value)
You puncture the jackal!
You kill the jackal!
The orc hits you but does no damage.
Lua error: [string "/dgldir/rcfiles/crawl-0.23/Redear.rc"]:24: attempt to call global 'AnnounceDamage' (a nil value)
You hit the orc.
The orc is almost dead.
The orc hits you but does no damage. You block the orc's attack.
Lua error: [string "/dgldir/rcfiles/crawl-0.23/Redear.rc"]:24: attempt to call global 'AnnounceDamage' (a nil value)
You closely miss the orc.
The orc is almost dead.
The orc hits you but does no damage.
Lua error: [string "/dgldir/rcfiles/crawl-0.23/Redear.rc"]:24: attempt to call global 'AnnounceDamage' (a nil value)
You hit the orc.
You kill the orc!
Grinder hits you but does no damage.
Lua error: [string "/dgldir/rcfiles/crawl-0.23/Redear.rc"]:24: attempt to call global 'AnnounceDamage' (a nil value)
You puncture Grinder!
Grinder is heavily wounded.
Grinder hits you.
* * * LOW HITPOINT WARNING * * *
Grinder hits you but does no damage.
Lua error: [string "/dgldir/rcfiles/crawl-0.23/Redear.rc"]:24: attempt to call global 'AnnounceDamage' (a nil value)
You hit Grinder.
Grinder is heavily wounded.
Grinder says, "I used to sell toenails on the black market."
Grinder hits you but does no damage.
Lua error: [string "/dgldir/rcfiles/crawl-0.23/Redear.rc"]:24: attempt to call global 'AnnounceDamage' (a nil value)
You closely miss Grinder.
Grinder is heavily wounded.
Grinder hits you.
* * * LOW HITPOINT WARNING * * *
Grinder hits you.
You die...

......######..$#
......>...#..##
#..#.<........
#####.##......###
#...........†...###
#.................#
#........<....##...
######5####...# #♣#
#...# #.# #...# ..#
##### ..## ###


You could see Grinder.

Vanquished Creatures
  2 adders (D:2)
  An ooze (D:1)
  A dart slug (D:1)
  A leopard gecko (D:2)
  An orc (D:3)
  A ball python (D:3)
  2 giant cockroaches
  4 hobgoblins (D:1)
  9 jackals (D:3)
  8 kobolds
  2 quokkas (D:2)
  3 bats
  4 frilled lizards
  A goblin (D:2)
  6 rats
46 creatures vanquished.

Notes
Turn   | Place    | Note
-------+----------+-------------------------------------------
     0 | D:1      | Redear the Hill Orc Fighter began the quest for the Orb.
     0 | D:1      | Reached XP level 1. HP: 19/19 MP: 1/1
   121 | D:1      | Reached XP level 2. HP: 22/27 MP: 2/2
   632 | D:1      | Upgraded the game from 0.23.1-44-gbd83930989 to 0.23.2
   636 | D:1      | Reached XP level 3. HP: 33/33 MP: 3/3
  1202 | D:2      | Reached skill level 4 in Fighting
  1319 | D:2      | Reached skill level 4 in Armour
  1810 | D:3      | Reached XP level 4. HP: 40/40 MP: 4/4
  1813 | D:3      | Noticed Grinder
  1829 | D:3      | HP: 9/40 [jackal (3)]
  1836 | D:3      | HP: 8/60 [jackal (2)]
  1841 | D:3      | HP: 8/60 [jackal (1)]
  1849 | D:3      | HP: 4/60 [jackal (2)]
  1856 | D:3      | HP: 3/40 [jackal (1)]
  1862 | D:3      | HP: 4/60 [jackal (1)]
  1875 | D:3      | HP: 4/60 [Grinder (2)]
  1877 | D:3      | Slain by Grinder

Skill      XL: |  1  2  3 |
---------------+----------+-----
Fighting       | 4 |  4.0
Armour         | 4 |  4.0
Short Blades   | |  2.9
Dodging        | |  0.1
Shields        | |  3.9

Action                   |  1- 3 |  4- 6 || total
-------------------------+-------+-------++-------
Melee: Rapier            |   121 |    53 ||   174
  Use: Potion            |       |     7 ||     7
  Eat: Chunk             |     1 |       ||     1
Armor: Scale mail        |    54 |    57 ||   111
       Skin              |       |    19 ||    19
Dodge: Dodged            |    33 |    34 ||    67
Block: Shield            |    62 |    52 ||   114

Levels and vault maps discovered:
D:1:      wander_arrival_fairy_ring, layout_loops_corners, minmay_crystal_room
D:2:      layout_basic
D:3:      layout_rooms, uniq_robin, uniq_grinder

Table legend:
 A = Turns spent in this place as a percentage of turns spent in the entire game.
 B = Non-inter-level travel turns spent in this place as a percentage of non-inter-level travel turns spent in the entire game.
 C = Inter-level travel turns spent in this place as a percentage of turns spent in this place.
 D = Turns resting spent in this place as a percentage of non-inter-level travel turns spent in this place.
 E = Turns spent auto-exploring this place as a percentage of non-inter-level travel turns spent in this place.
 F = Non-inter-level travel turns spent in this place divided by the number of levels of this place that you've seen.
                   A       B       C       D       E      F
               +-------+-------+-------+-------+-------+----------------------
         Total | 100.0 | 100.0 |   5.2 |   0.0 |  83.0 | 593.0
       Dungeon | 100.0 | 100.0 |   5.2 |   0.0 |  83.0 | 593.0
               +-------+-------+-------+-------+-------+----------------------

Table legend:
 A = Kills in this place as a percentage of kills in entire the game.
 B = Kills by you in this place as a percentage of kills by you in the entire game.
 C = Kills by friends in this place as a percentage of kills by friends in the entire game.
 D = Other kills in this place as a percentage of other kills in the entire game.
 E = Experience gained in this place as a percentage of experience gained in the entire game.
 F = Experience gained in this place divided by the number of levels of this place that you have seen.
                   A       B       C       D       E      F
               +-------+-------+-------+-------+-------+----------------------
         Total | 100.0 | 100.0 |   N/A |   N/A | 100.0 |  35.3
       Dungeon | 100.0 | 100.0 |   N/A |   N/A | 100.0 |  35.3
               +-------+-------+-------+-------+-------+----------------------
